 Dungeon Crawl Stone Soup version 0.27-a0-1149-g4505690ab0 (webtiles) character file.

Game seed: 593465475982059281

37006 robertstho the Eclecticist (level 14, 0/105 HPs)
             Began as a Djinni Fire Elementalist on May 13, 2021.
             Was a Believer of Ashenzari.
             Slain by a komodo dragon (12 damage)
             ... on level 2 of the Lair of Beasts.
             The game lasted 00:33:53 (20608 turns).

robertstho the Eclecticist (DjFE)                  Turns: 20608, Time: 00:33:55

Health: 0/105      AC:  7    Str:  7    XL:     14   Next: 26%
Gold:   1535       EV: 15    Int: 21    God:    Ashenzari [**....] SH:  0 Dex: 15

rFire    + + .     SeeInvis +   q - +2 dagger of the Shattered Chagrin {venom, Self, Melee} (curse)
rCold    + . .     Faith    .   (no shield)
rNeg     + . .     Spirit   .   j - +0 robe {rC+}
rPois    ∞         Reflect  .   i - +0 helmet "Ensconced Prison" {Self, Range} (curse)
rElec    .         Harm     .   (no cloak)
rCorr    .         Rampage  .   b - +2 pair of gloves of the Enlightened Sybil {archery, Self, Melee} (curse)
Will     +....                  (boots unavailable)
Stlth    +++.......             (no amulet)
HPRegen  0.27/turn              a - ring "Pafeonen" {Fly rC+ rN+ Slay+2}
MPRegen  0.00/turn              (no ring)

@: flying
A: sickness immunity, fire resistance 2, cold vulnerability 1, float, innate
caster, hp casting, extra vitality 1
a: Renounce Religion, Curse Item, Shatter the Chains


You were on level 2 of the Lair of Beasts.
You worshipped Ashenzari.
Ashenzari was pleased with you.
You visited 3 branches of the dungeon, and saw 15 of its levels.
You also visited: Bailey.

You collected 1653 gold pieces.
You spent 118 gold pieces at shops.

Inventory:

Hand Weapons
 h - a +4 spear
 q - the cursed +2 dagger of the Shattered Chagrin (weapon) {venom, Self, Melee}
   (You found it on level 5 of the Dungeon)

   It poisons the flesh of those it strikes.
   It has a curse which improves the following skills: Introspection: Fighting
   and Spellcasting.
   Melee Combat: Short Blades, Long Blades, Axes, Maces & Flails, Polearms,
   Staves and Unarmed Combat.
 z - a +0 vorpal falchion
Missiles
 n - 7 throwing nets
 E - 4 curare-tipped darts
Armour
 b - the cursed +2 pair of gloves of the Enlightened Sybil (worn) {archery, Self, Melee}
   (You acquired it on level 3 of the Dungeon)

   It has a curse which improves the following skills: Introspection: Fighting
   and Spellcasting.
   Melee Combat: Short Blades, Long Blades, Axes, Maces & Flails, Polearms,
   Staves and Unarmed Combat.
 d - +0 acid dragon scales
 i - the cursed +0 helmet "Ensconced Prison" (worn) {Self, Range}
   (You found it on level 2 of the Dungeon)

   It has a curse which improves the following skills: Introspection: Fighting
   and Spellcasting.
   Ranged Combat: Slings, Bows, Crossbows and Throwing.
 j - a +0 robe of cold resistance (worn)
 r - the +2 leather armour of Vlad {+Blink rF+ Int-2}
   (You found it on level 5 of the Dungeon)

   It affects your intelligence (-2).
   It protects you from fire.
   It lets you blink.
 I - a +0 hat of stealth
Jewellery
 a - the ring "Pafeonen" (left hand) {Fly rC+ rN+ Slay+2}
   (You acquired it on level 3 of the Dungeon)

   [ring of protection from cold]

   It affects your accuracy and damage with ranged weapons and melee attacks
   (+2).
   It protects you from cold.
   It protects you from negative energy.
   It grants you flight.
Wands
 g - a wand of paralysis (6)
 w - a wand of iceblast (17)
 y - a wand of digging (4)
 J - a wand of mindburst (11)
 K - a wand of acid (12)
Scrolls
 f - a scroll of enchant weapon
 k - 5 scrolls of teleportation
 l - 4 scrolls of brand weapon
 o - a scroll of fear
 p - a scroll of immolation
 s - 2 scrolls of summoning
 t - a scroll of magic mapping
 u - 2 scrolls of holy word
 x - a scroll of fog
Potions
 c - a potion of haste
 e - 7 potions of curing
 m - 3 potions of mutation
 A - a potion of brilliance
 B - 2 potions of heal wounds
 C - a potion of invisibility
 D - a potion of might
 F - 2 potions of ambrosia
 G - 2 potions of cancellation
Miscellaneous
 H - a lightning rod (4/4)


   Skills:
 * Level 8.5(11.5) Fighting
 + Level 2.6(4.8) Short Blades
 + Level 2.1(4.3) Long Blades
 * Level 6.3 Armour
 * Level 7.4 Dodging
 + Level 4.9 Stealth
 * Level 15.6(18.1) Spellcasting
 + Level 2.6 Evocations


You had 15 spell levels left.
You knew the following spells:

 Your Spells              Type           Power      Damage    Failure   Level
a - Foxfire               Conj/Fire      100%       2x1d9     0%          1
b - Conjure Flame         Conj/Fire      76%        6-21      0%          3
c - Inner Flame           Hex/Fire       76%        N/A       0%          3
d - Sticky Flame          Conj/Fire      76%        2d9       0%          4
e - Fireball              Conj/Fire      38%        3d16      1%          5
f - Magic Dart            Conj           100%       1d8       0%          1
g - Passwall              Tmut/Erth      63%        N/A       0%          2
h - Blink                 Tloc           N/A        N/A       0%          2
i - Spider Form           Tmut/Pois      38%        N/A       0%          3
j - Lee's Rapid Deconstr  Erth           38%        3d20*     1%          5
k - Silence               Hex/Air        38%        N/A       1%          5
Your spell library was empty.

Dungeon Overview and Level Annotations

Branches:
Dungeon (12/15)            Temple (1/1) D:6            Lair (2/6) D:8
 Spider (0/4) Lair:2          Orc (0/2) D:10         Bailey (visited)
  Swamp: Lair:2-4    Shoals: Lair:2-4

Altars:
Ashenzari
Cheibriados
Dithmenos
Elyvilon
Fedhas
Gozag
Hepliaklqana
Kikubaaqudgha
Makhleb
Nemelex Xobeh
Okawaru
Qazlal
Ru
Sif Muna
Trog
Uskayaw
Vehumet
Wu Jian
Xom
Yredelemnul
Zin
The Shining One

Shops:
D:3 [

Annotations:
D:4 3 runed translucent doors, Eustachio; hgbash's ghost, amateur SpCj
D:10 exclusion: obsidian statue


Innate Abilities, Weirdness & Mutations

You are immune to sickness and miasma.
You are immune to poison.
Your flesh is very heat resistant. (rF++)
You are vulnerable to cold. (rC-)
You float through the air rather than walking.
You learn spells naturally, not from books.
Your magical power is your life essence.
You have superior vitality. (+4 HP)


Message History

You hear a splash.
Found a +0 spear and 18 gold pieces.
A komodo dragon comes into view.
Casting: Fireball (safe; 1% risk of failure)
Confirm with . or Enter, or press ? or * to list all spells.
Aiming: Fireball (safe; 1% risk of failure)
Press: ? - help, Shift-Dir - straight line The fireball explodes!
The fireball engulfs the komodo dragon!!!
The komodo dragon is almost dead.
* * * LOW HITPOINT WARNING * * *
Unknown command.
Casting: Foxfire (safe; 0% risk of failure)
Press: ? - help, Q - select action, (/) - cycle Dir - look around, f - activate You conjure some foxfire!
* * * LOW HITPOINT WARNING * * *
Unknown command.
The foxfire hits the komodo dragon.
The komodo dragon is almost dead.
The foxfire hits the komodo dragon but does no damage.
The komodo dragon is almost dead.
Casting: Foxfire (safe; 0% risk of failure)
Press: ? - help, Q - select action, (/) - cycle Dir - look around, f - activate You conjure some foxfire!
* * * LOW HITPOINT WARNING * * *
The foxfire hits the komodo dragon.
The komodo dragon is almost dead.
The foxfire hits the komodo dragon.
The komodo dragon is almost dead.
Casting: Foxfire (safe; 0% risk of failure)
Press: ? - help, Q - select action, (/) - cycle Dir - look around, f - activate You conjure some foxfire!
* * * LOW HITPOINT WARNING * * *
You hear the faint crackling of a melting archway very nearby.
The foxfire hits the komodo dragon but does no damage.
The komodo dragon is almost dead.
The foxfire hits the komodo dragon.
The komodo dragon is almost dead.
The komodo dragon bites you!
You die...

,,,,,,,,**,.##..≈## *≈.)...,,,,,,
,,,,,,,,,,,..#..≈≈###≈.....,,,,,,
,,*,**,,,*,.#...≈≈≈≈≈≈.....,,,,,,
,,***,,,,,,.....≈≈†≈≈≈.....,,,,,,
,,**,*,,,,,,*#.............,,,,,,
,,,,,,,.....*#.#....##**,*,,,,,,*
,,,,,,,.....##.#.....# ****+*+***
,,,,,,,..........l...# *,,,* *
,,**,***#.>....§@....## **,** *
,,,.#* ##.....§......# ***,****
,*#SP####...†...PP#..P## *,,,,,**
,*....#.§§§..†.........##*,,,,,*
,,......§≈§§..≈≈≈..≈≈≈..#*,,,,,*
,,^.....≈§#≈..†≈≈..≈≈≈..#*,,∩,,*
.^.^...§≈≈#≈..≈#≈..≈≈≈.P#*******
^^.^...§≈≈≈≈..≈†≈..≈≈≈.##********
......#...................,,,,,,,


You could see a komodo dragon.

Vanquished Creatures
  Gastronok (Lair:1)
  Harold (D:9)
  5 two-headed ogres
  A centaur warrior (D:12)
  An ogre mage (D:12)
  Erica (D:10)
  2 deep elf pyromancers (D:12)
  4 ugly things (D:12)
  A necromancer (D:12)
  3 cyclopes (D:12)
  5 manticores (D:12)
  A black mamba (Lair:2)
  An ice statue (D:10)
  5 cane toads
  Maggie (D:7)
  A gargoyle (D:12)
  2 unseen horrors
  6 komodo dragons
  3 kobold demonologists (D:12)
  4 trolls
  A meliai (D:12)
  2 hornets (D:9)
  A meliai zombie (D:6)
  Sigmund (D:4)
  15 yaks
  4 wraiths
  3 wyverns
  A shadow (D:12)
  A vampire (D:12)
  A human (D:10)
  Grum (D:9)
  4 vampire mosquitoes (D:8)
  2 acid dragons
  A warg (D:10)
  5 water moccasins
  11 orc warriors
  3 sky beasts
  An ice beast (D:7)
  10 wolves
  2 ogres
  13 centaurs
  5 kobold brigands
  A gnoll sergeant (D:9)
  8 bullfrogs
  A wyvern zombie (D:5)
  4 scorpions
  A water moccasin zombie (D:7)
  6 wights
  8 howler monkeys
  An electric eel (Lair:2)
  4 centaur zombies
  A jelly (D:6)
  3 bullfrog zombies (D:5)
  A hound (D:6)
  4 iguanas
  9 orc priests
  10 orc wizards
  A hound skeleton (D:5)
  2 howler monkey skeletons
  4 gnolls (D:9)
  4 adders
  2 shadow imps (D:7)
  2 white imps
  A worm (D:5)
  2 dart slugs (D:3)
  65 orcs
  7 ball pythons
  6 endoplasms
  A goblin (D:3)
  4 hobgoblins
  5 jackals (D:3)
  25 kobolds
  A quokka (D:3)
  4 bats
  4 frilled lizards
  A rat (D:6)
340 creatures vanquished.

Vanquished Creatures (others)
  A wizard (D:9)
  2 orc wizards (D:10)
  702 foxfires
  6 fungi
  25 plants
736 creatures vanquished.

Grand Total: 1076 creatures vanquished

Notes
Turn   | Place    | Note
-------+----------+-------------------------------------------
     0 | D:1      | robertstho the Djinni Fire Elementalist began the quest for
                  | the Orb.
     0 | D:1      | Reached XP level 1. HP: 15/15 MP: 0/0
   323 | D:1      | Reached XP level 2. HP: 15/21 MP: 0/0
   620 | D:1      | Found a faded altar of an unknown god.
  1121 | D:2      | Reached skill level 3 in Spellcasting
  1121 | D:2      | Reached XP level 3. HP: 14/26 MP: 0/0
  1121 | D:2      | Learned a level 1 spell: Magic Dart
  2313 | D:3      | Found Bewkijir's Antique Armour Boutique.
  2332 | D:3      | Bought an embroidered robe for 118 gold pieces
  2452 | D:3      | Identified 3 scrolls of acquirement
  2452 | D:3      | Acquired the ring "Pafeonen" {Fly rC+ rN+ Slay+2}
  2454 | D:3      | Acquired 846 gold pieces
  2456 | D:3      | Acquired a +2 pair of gloves of archery
  2602 | D:3      | Reached skill level 1 in Fighting
  2607 | D:3      | Reached XP level 4. HP: 12/32 MP: 0/0
  2966 | D:4      | Noticed an ogre
  2974 | D:4      | Killed an ogre
  2975 | D:4      | Reached skill level 4 in Spellcasting
  2975 | D:4      | Reached XP level 5. HP: 23/37 MP: 0/0
  2975 | D:4      | Learned a level 2 spell: Passwall
  3233 | D:4      | You are sucked into a shaft and drop 1 floor!
  3233 | D:5      | Entered Level 5 of the Dungeon
  3529 | D:5      | Noticed an ogre
  3538 | D:5      | Killed an ogre
  3539 | D:5      | Reached XP level 6. HP: 33/43 MP: 0/0
  4041 | D:4      | Found a runed translucent gate.
  4041 | D:4      | Found a runed translucent gate.
  4043 | D:4      | Found an opulent altar of Gozag.
  4045 | D:4      | Noticed a sky beast
  4047 | D:4      | Found a runed translucent gate.
  4048 | D:4      | Noticed hgbash's ghost (amateur SpCj)
  4081 | D:4      | Noticed Sigmund
  4095 | D:4      | Killed Sigmund
  4096 | D:4      | Reached skill level 5 in Spellcasting
  4096 | D:4      | Reached XP level 7. HP: 47/49 MP: 0/0
  4096 | D:4      | Learned a level 2 spell: Blink
  4183 | D:4      | Noticed Eustachio
  4235 | D:4      | Found a shadowy altar of Dithmenos.
  4973 | D:5      | Identified the +2 leather armour of Vlad {+Blink rF+ Int-2}
  5067 | D:5      | Reached skill level 6 in Spellcasting
  5067 | D:5      | Reached XP level 8. HP: 51/55 MP: 0/0
  5880 | D:6      | Reached skill level 7 in Spellcasting
  6457 | D:6      | Reached XP level 9. HP: 22/62 MP: 0/0
  6457 | D:6      | Learned a level 3 spell: Spider Form
  6773 | D:6      | Found an iron altar of Okawaru.
  7333 | D:6      | Found a staircase to the Ecumenical Temple.
  7342 | Temple   | Entered the Ecumenical Temple
  7524 | Temple   | Became a worshipper of Ashenzari the Shackled
  7562 | D:6      | Acquired a manual of Spellcasting
  7598 | D:7      | Reached skill level 8 in Spellcasting
  7689 | D:7      | Noticed Maggie
  7699 | D:7      | Killed Maggie
  7874 | D:7      | Reached skill level 9 in Spellcasting
  8948 | D:8      | Found a staircase to the Lair.
  9003 | D:8      | Reached skill level 10 in Spellcasting
  9003 | D:8      | Reached XP level 10. HP: 47/70 MP: 0/0
  9009 | D:8      | Reached skill level 5 in Fighting
  9015 | D:8      | HP: 1/70 [vampire mosquito (6)]
  9402 | D:8      | Found a white marble altar of Elyvilon.
  9888 | D:8      | Reached skill level 11 in Spellcasting
 10162 | D:9      | Noticed a two-headed ogre
 10179 | D:9      | Killed a two-headed ogre
 10202 | D:9      | Found a flagged portal.
 10211 | Bailey   | Entered a bailey
 10818 | Bailey   | Reached skill level 12 in Spellcasting
 10823 | Bailey   | Noticed an orc knight
 10823 | Bailey   | Noticed an orc knight
 10853 | D:9      | Reached skill level 5 in Dodging
 10853 | D:9      | Reached XP level 11. HP: 27/79 MP: 0/0
 10853 | D:9      | Learned a level 5 spell: Lee's Rapid Deconstruction
 11104 | D:9      | Noticed Grum
 11110 | D:9      | Killed Grum
 11461 | D:9      | Found a bloodstained altar of Trog.
 11474 | D:9      | Reached * piety under Ashenzari
 11553 | D:9      | Noticed a wizard
 11556 | D:9      | Killed a wizard
 11782 | D:9      | Reached XP level 12. HP: 72/88 MP: 0/0
 11917 | D:9      | Noticed Harold
 11921 | D:9      | Killed Harold
 11922 | D:9      | Reached skill level 13 in Spellcasting
 12717 | D:9      | Found a hide-covered altar of Uskayaw.
 12752 | D:9      | Noticed a two-headed ogre
 12755 | D:9      | Killed a two-headed ogre
 12988 | D:10     | Entered Level 10 of the Dungeon
 13178 | D:10     | Noticed Erica
 13183 | D:10     | Killed Erica
 14225 | D:10     | Found a staircase to the Orcish Mines.
 15369 | D:11     | Found a hazy altar of Hepliaklqana.
 16335 | D:12     | Reached ** piety under Ashenzari
 16348 | D:12     | Reached skill level 14 in Spellcasting
 16457 | D:12     | Reached XP level 13. HP: 73/97 MP: 0/0
 16457 | D:12     | Learned a level 5 spell: Silence
 16650 | D:12     | Reached skill level 5 in Armour
 16814 | D:12     | Noticed an ogre mage
 16817 | D:12     | Killed an ogre mage
 17019 | D:12     | Identified Sif Muna's Papyrus of Enthralling Stones
 17097 | D:12     | Killed a centaur warrior
 17225 | D:12     | Identified the +1 ring mail of the Gusle {rPois Regen+
                  | Dex+5}
 18257 | D:12     | Reached skill level 15 in Spellcasting
 18333 | D:12     | Found a sacrificial altar of Ru.
 19057 | Lair:1   | Entered Level 1 of the Lair of Beasts
 19057 | Lair:1   | Noticed Gastronok
 19063 | Lair:1   | Killed Gastronok
 19202 | Lair:1   | Reached XP level 14. HP: 95/105 MP: 0/0
 20608 | Lair:2   | Slain by a komodo dragon

Illustrated notes

Levels and vault maps discovered:
D:1:      matt_arrival_diagonals, layout_rooms,
          shapermc_ecumenical_altar_notcrosses
D:2:      layout_basic, minmay_cut_off
D:3:      layout_basic, serial_shops, shop_statue
D:4:      layout_loops_corners, nicolae_dithmenos_through_a_glass_darkly,
          ebering_ghost_gozag, uniq_eustachio, uniq_sigmund
D:5:      layout_loops_cross, st_stairs_11, hex_medium
D:6:      layout_basic, lemuel_doored_altar, lemuel_temple_firewalk_a,
          lexackson_kobold_supper
D:7:      layout_basic, kb_lookout_dungeons_type, uniq_maggie
D:8:      layout_loops_ring, elyvilon_altar_3, dpeg_oklobed_lair,
          kennysheep_generic_room_15
D:9:      layout_basic, trog_wizard, nicolae_uskayaw_dance_hall, enter_bailey_8,
          serial_bayou_pond_a, dk_rats_in_the_wall, uniq_grum, uniq_harold
D:10:     minmay_separated_statues, layout_gridville, erik_orc_4,
          lemuel_flamethrower_2, uniq_erica
D:11:     minmay_evil_eye, layout_basic, worldfamousw_hep_ancestral_shrine
D:12:     minmay_spiral_squares, layout_stronghold, serial_co_window_serial,
          co_window_of_opportunity_a, co_window_paths_a, co_window_paths_b,
          co_window_of_opportunity_a, co_window_corner_a,
          co_window_unsneaky_path_e, co_window_unsneaky_path_e,
          co_window_corner_b, co_window_paths_c, co_window_paths_d,
          glass_columns_c, glass_columns_b, glass_columns_b, glass_columns_a,
          nicolae_ru_path_of_blood
Temple:   minmay_crystal_spiral_temple
Lair:1:   layout_small_grid, uniq_gastronok
Lair:2:   layout_gridlike, spider_nest_entry_web_field,
          portal_ice_cave_demonic_guard

Skill      XL: |  1  2  3  4  5  6  7  8  9 10 11 12 13 14 |
---------------+-------------------------------------------+-----
Spellcasting   | 3 4 5 6 7 10 12 14 15 | 15.6
Fighting       | 1 2 3 4 7 8 |  8.5
Stealth        | 2 3 4 |  4.9
Dodging        | 3 5 6 7 |  7.4
Short Blades   | 2 |  2.6
Long Blades    | 2 |  2.1
Armour         | 3 4 5 6 |  6.3
Evocations     | 2 |  2.6

Action                   |  1- 3 |  4- 6 |  7- 9 | 10-12 | 13-15 || total
-------------------------+-------+-------+-------+-------+-------++-------
Melee: Dagger            |       |       |     2 |     5 |       ||     7
 Cast: Foxfire           |    97 |    70 |   252 |    35 |     3 ||   457
       Sticky Flame      |       |     2 |    23 |    15 |     7 ||    47
       Fireball          |       |       |       |    84 |    55 ||   139
       Inner Flame       |       |       |       |     1 |       ||     1
       Lee's Rapid Decon |       |       |       |    76 |    82 ||   158
Invok: Curse Item        |       |       |     1 |     2 |       ||     3
Evoke: Wand              |       |       |       |     3 |       ||     3
  Use: Scroll            |     4 |       |     3 |       |     1 ||     8
       Potion            |       |       |     2 |     2 |     2 ||     6
 Stab: Sleeping          |       |       |       |     1 |       ||     1
Armor: Robe              |     4 |    12 |     6 |    16 |     1 ||    39
Dodge: Dodged            |    10 |    19 |    28 |    39 |     9 ||   105

Table legend: (Time is in decaauts)
 A = Elapsed time spent in this place.
 B = Non-inter-level travel time spent in this place.
 C = Inter-level travel time spent in this place.
 D = Time resting spent in this place.
 E = Time spent auto-exploring this place.
 F = Levels seen in this place.
 G = Mean time per level.
                   A        B        C        D        E       F      G
               +--------+--------+--------+--------+--------+-----+--------+
         Total |  20612 |  20070 |    542 |   3541 |  14653 |  16 | 1288.2 |
       Dungeon |  18207 |  17772 |    435 |   2906 |  13190 |  12 | 1517.2 |
        Temple |    213 |    128 |     85 |      0 |    127 |   1 |  213.0 |
          Lair |   1550 |   1528 |     22 |    227 |   1178 |   2 |  775.0 |
        Bailey |    640 |    640 |      0 |    408 |    158 |   1 |  640.0 |
               +--------+--------+--------+--------+--------+-----+--------+

Top non-repeatable levels by time:
    D:12: 3190 daAuts
     D:9: 3094 daAuts
     D:6: 1774 daAuts
     D:5: 1557 daAuts
  Lair:1: 1500 daAuts
     D:4: 1389 daAuts
    D:10: 1260 daAuts
     D:8: 1209 daAuts
     D:3: 1194 daAuts
     D:7: 1042 daAuts
     D:1: 904 daAuts
     D:2: 860 daAuts
    D:11: 730 daAuts
  Bailey: 640 daAuts
  Temple: 213 daAuts
